| TOP OF THE 1ST |
|
Johnson City Cardinals batting - Pitching for Washington (APP) Nationals : RHP Luke Cook
|
|
Pitching: RHP Luke Cook
|
|
|
Batting: RHB Chris Rouleau
|
0-0: Called Strike 0-1: Fly out, F8 (Flyball, 8RM, EV 93.1 MPH)
|
|
Batting: RHB Johnny Lowe
|
0-0: Called Strike 0-1: Called Strike 0-2: Ball 1-2: Ball 2-2: Foul Ball, location: 2F 2-2: Ball 3-2: Fly out, F7 (Line Drive, 7, EV 102.5 MPH)
|
|
Batting: LHB Ken Compton
|
0-0: Fly out, F4 (Popup, 4D, EV 50.6 MPH)
|
| Top of the 1st over - 0 runs, 0 hits, 0 errors, 0 left on base; Johnson City 0 - Washington (APP) 0 |
| BOTTOM OF THE 1ST |
|
Washington (APP) Nationals batting - Pitching for Johnson City Cardinals : RHP Mario Machado
|
|
Pitching: RHP Mario Machado
|
|
|
Batting: LHB Chris Williams
|
0-0: Called Strike 0-1: Swinging Strike 0-2: Foul Ball, location: 2F 0-2: Strikes out swinging
|
|
Batting: RHB Justin Van Houten
|
0-0: Ball 1-0: Ball 2-0: Ball 3-0: Called Strike 3-1: Base on Balls
|
|
Batting: RHB Er Le
|
0-0: Called Strike 0-1: Ball 1-1: Ball 2-1: Called Strike 2-2: Ball 3-2: Strikes out swinging Justin Van Houten steals 2nd base Batter strikes out.
|
|
Batting: RHB Justin Davenport
|
0-0: Called Strike 0-1: Ball 1-1: Ball 2-1: Ground out 6-3 (Groundball, 6S, EV 68.8 MPH)
|
| Bottom of the 1st over - 0 runs, 0 hits, 0 errors, 1 left on base; Johnson City 0 - Washington (APP) 0 |
| TOP OF THE 2ND |
|
Johnson City Cardinals batting - Pitching for Washington (APP) Nationals : RHP Luke Cook
|
|
Batting: RHB Nelson Salamanca
|
0-0: Ball 1-0: Ground out 6-3 (Groundball, 6, EV 99.4 MPH)
|
|
Batting: SHB Bobby Mercado
|
0-0: Ball 1-0: Ball 2-0: Ball 3-0: Called Strike 3-1: Base on Balls
|
|
Batting: RHB Mario Carbajal
|
0-0: Called Strike Bobby Mercado steals 2nd base 0-1: Ball 1-1: Ball 2-1: Foul Ball, location: 2F 2-2: Foul Ball, location: 2F 2-2: Strikes out looking
|
|
Batting: SHB J.T. Ready
|
0-0: Called Strike 0-1: Foul Ball, location: 2F 0-2: Ball 1-2: Ball 2-2: Foul Ball, location: 2F 2-2: Strikes out swinging
|
| Top of the 2nd over - 0 runs, 0 hits, 0 errors, 1 left on base; Johnson City 0 - Washington (APP) 0 |
| BOTTOM OF THE 2ND |
|
Washington (APP) Nationals batting - Pitching for Johnson City Cardinals : RHP Mario Machado
|
|
Batting: RHB Xavier Reeves
|
0-0: Ball 1-0: Swinging Strike 1-1: Ball 2-1: Fly out, F8 (Flyball, 8RD, EV 100.0 MPH)
|
|
Batting: RHB Aaron Bateman
|
0-0: Ground out 4-3 (Groundball, 34, EV 103.1 MPH)
|
|
Batting: RHB Chad Madsen
|
0-0: Foul Ball, location: 2F 0-1: Foul Ball, location: 2F 0-2: Ball 1-2: Foul Ball, location: 2F 1-2: Ball 2-2: Ball 3-2: Base on Balls
|
|
Batting: RHB Jason Ewert
|
0-0: DOUBLE (Groundball, 5L, EV 101.2 MPH) Chad Madsen to third
|
|
Batting: SHB Nolan Carew
|
0-0: Called Strike 0-1: Ball 1-1: Called Strike 1-2: Ball 2-2: Strikes out swinging
|
| Bottom of the 2nd over - 0 runs, 1 hit, 0 errors, 2 left on base; Johnson City 0 - Washington (APP) 0 |
| TOP OF THE 3RD |
|
Johnson City Cardinals batting - Pitching for Washington (APP) Nationals : RHP Luke Cook
|
|
Batting: RHB Edgar Klockow
|
0-0: Called Strike 0-1: Called Strike 0-2: Foul Ball, location: 2F 0-2: Strikes out swinging
|
|
Batting: RHB Shou-feng Chang
|
0-0: Ball 1-0: Called Strike 1-1: Foul Ball, location: 2F 1-2: Foul Ball, location: 2F 1-2: Foul Ball, location: 2F 1-2: Strikes out swinging
|
|
Batting: RHB Chris Rouleau
|
0-0: SINGLE (Line Drive, 8RS, EV 96.9 MPH)
|
|
Batting: RHB Johnny Lowe
|
0-0: Called Strike Chris Rouleau steals 2nd base 0-1: Ball 1-1: Called Strike 1-2: Ball 2-2: DOUBLE (Line Drive, 89XD, EV 109.4 MPH) Chris Rouleau scores
|
|
Batting: LHB Ken Compton
|
0-0: Ball 1-0: Ball 2-0: SINGLE (Groundball, 4MD, EV 100.0 MPH) Johnny Lowe to third Runner from 3rd tries for Home, SAFE, throw by CF to home
|
|
Batting: RHB Nelson Salamanca
|
0-0: Called Strike Ken Compton steals 2nd base 0-1: Ball 1-1: Ball 2-1: Foul Ball, location: 2F 2-2: Ball 3-2: Ground out 6-3 (Groundball, P, EV 81.2 MPH)
|
| Top of the 3rd over - 2 runs, 3 hits, 0 errors, 1 left on base; Johnson City 2 - Washington (APP) 0 |
| BOTTOM OF THE 3RD |
|
Washington (APP) Nationals batting - Pitching for Johnson City Cardinals : RHP Mario Machado
|
|
Batting: LHB Chris Williams
|
0-0: Foul Ball, location: 2F 0-1: Foul Ball, location: 2F 0-2: Ball 1-2: Ball 2-2: Ball 3-2: Base on Balls
|
|
Batting: RHB Justin Van Houten
|
0-0: Swinging Strike 0-1: Called Strike 0-2: Foul Ball, location: 2F 0-2: Foul Ball, location: 2F 0-2: Ball 1-2: Ball 2-2: Strikes out swinging
|
|
Batting: RHB Er Le
|
0-0: Ball 1-0: 2-RUN HOME RUN (Flyball, 78XD, EV 108.1 MPH), Distance : 423 ft
|
|
Batting: RHB Justin Davenport
|
0-0: Ball 1-0: Ball 2-0: Ball 3-0: Called Strike 3-1: Base on Balls
|
|
Batting: RHB Xavier Reeves
|
0-0: Called Strike Justin Davenport is caught stealing 2nd base 2-4 0-1: Ball 1-1: Fly out, F5 (Line Drive, 5, EV 65.6 MPH)
|
| Bottom of the 3rd over - 2 runs, 1 hit, 0 errors, 0 left on base; Johnson City 2 - Washington (APP) 2 |
| TOP OF THE 4TH |
|
Johnson City Cardinals batting - Pitching for Washington (APP) Nationals : RHP Luke Cook
|
|
Batting: SHB Bobby Mercado
|
0-0: Foul Ball, location: 2F 0-1: Foul Ball, location: 2F 0-2: Foul Ball, location: 2F 0-2: Foul Ball, location: 2F 0-2: Ball 1-2: Strikes out swinging
|
|
Batting: RHB Mario Carbajal
|
0-0: Called Strike 0-1: Ball 1-1: Ground out 3-1 (Groundball, 34, EV 96.9 MPH)
|
|
Batting: SHB J.T. Ready
|
0-0: Swinging Strike 0-1: Ball 1-1: Swinging Strike 1-2: Strikes out swinging
|
| Top of the 4th over - 0 runs, 0 hits, 0 errors, 0 left on base; Johnson City 2 - Washington (APP) 2 |
| BOTTOM OF THE 4TH |
|
Washington (APP) Nationals batting - Pitching for Johnson City Cardinals : RHP Mario Machado
|
|
Batting: RHB Aaron Bateman
|
0-0: Ground out 6-3 (Groundball, 6, EV 101.9 MPH)
|
|
Batting: RHB Chad Madsen
|
0-0: Ground out 5-3 (Groundball, 5, EV 103.1 MPH)
|
|
Batting: RHB Jason Ewert
|
0-0: Ball 1-0: Called Strike 1-1: Swinging Strike 1-2: Ball 2-2: Foul Ball, location: 2F 2-2: Strikes out swinging
|
| Bottom of the 4th over - 0 runs, 0 hits, 0 errors, 0 left on base; Johnson City 2 - Washington (APP) 2 |
| TOP OF THE 5TH |
|
Johnson City Cardinals batting - Pitching for Washington (APP) Nationals : RHP Luke Cook
|
|
Batting: RHB Edgar Klockow
|
0-0: Called Strike 0-1: Called Strike 0-2: Foul Ball, location: 2F 0-2: Ball 1-2: Fly out, F8 (Flyball, 8RXD, EV 111.9 MPH)
|
|
Batting: RHB Shou-feng Chang
|
0-0: Fly out, F7 (Flyball, 7, EV 86.2 MPH)
|
|
Batting: RHB Chris Rouleau
|
0-0: Foul Ball, location: 2F 0-1: Ball 1-1: Foul Ball, location: 2F 1-2: Foul Ball, location: 2F 1-2: Ball 2-2: Ball 3-2: Ground out 5-3 (Groundball, 56, EV 84.4 MPH)
|
| Top of the 5th over - 0 runs, 0 hits, 0 errors, 0 left on base; Johnson City 2 - Washington (APP) 2 |
| BOTTOM OF THE 5TH |
|
Washington (APP) Nationals batting - Pitching for Johnson City Cardinals : RHP Mario Machado
|
|
Batting: SHB Nolan Carew
|
0-0: Called Strike 0-1: Called Strike 0-2: Ball 1-2: Ball 2-2: Ball 3-2: Fly out, F8 (Flyball, 78M, EV 85.0 MPH)
|
|
Batting: LHB Chris Williams
|
0-0: Ball 1-0: Foul Ball, location: 2F 1-1: Fly out, F8 (Flyball, 8LM, EV 86.2 MPH)
|
|
Batting: RHB Justin Van Houten
|
0-0: Foul Ball, location: 2F 0-1: Ball 1-1: SINGLE (Groundball, 6MS, EV 89.4 MPH) (infield hit)
|
|
Pitching: LHP Hylnur Albertsson
|
|
|
Batting: RHB Er Le
|
0-0: Swinging Strike 0-1: Ground out 4-3 (Groundball, 4, EV 80.0 MPH)
|
| Bottom of the 5th over - 0 runs, 1 hit, 0 errors, 1 left on base; Johnson City 2 - Washington (APP) 2 |
| TOP OF THE 6TH |
|
Johnson City Cardinals batting - Pitching for Washington (APP) Nationals : RHP Luke Cook
|
|
Pitching: LHP Willie Rivera
|
|
|
Batting: RHB Johnny Lowe
|
0-0: Foul Ball, location: 2F 0-1: Ball 1-1: Called Strike 1-2: Ball 2-2: Foul Ball, location: 2F 2-2: Ball 3-2: Ground out 4-3 (Groundball, 34, EV 89.4 MPH)
|
|
Batting: LHB Ken Compton
|
0-0: Ground out 1-3 (Groundball, P, EV 71.9 MPH)
|
|
Batting: RHB Nelson Salamanca
|
0-0: DOUBLE (Flyball, 8RXD, EV 97.5 MPH)
|
|
Batting: SHB Bobby Mercado
|
0-0: Ball 1-0: Swinging Strike 1-1: Swinging Strike 1-2: Foul Ball, location: 2F 1-2: Strikes out swinging
|
| Top of the 6th over - 0 runs, 1 hit, 0 errors, 1 left on base; Johnson City 2 - Washington (APP) 2 |
| BOTTOM OF THE 6TH |
|
Washington (APP) Nationals batting - Pitching for Johnson City Cardinals : LHP Hylnur Albertsson
|
|
Batting: RHB Justin Davenport
|
0-0: Swinging Strike 0-1: Foul Ball, location: 2F 0-2: Strikes out swinging
|
|
Batting: RHB Xavier Reeves
|
0-0: Fly out, F7 (Flyball, 78M, EV 73.8 MPH)
|
|
Batting: RHB Aaron Bateman
|
0-0: Ball 1-0: Ball 2-0: Ball 3-0: Base on Balls
|
|
Batting: RHB Chad Madsen
|
0-0: Ball 1-0: Hit by Pitch Aaron Bateman to second
|
|
Batting: RHB Jason Ewert
|
0-0: Fielders Choice at 2nd, 6-4 (Groundball, 6, EV 83.8 MPH)
|
| Bottom of the 6th over - 0 runs, 0 hits, 0 errors, 2 left on base; Johnson City 2 - Washington (APP) 2 |
| TOP OF THE 7TH |
|
Johnson City Cardinals batting - Pitching for Washington (APP) Nationals : LHP Willie Rivera
|
|
Batting: RHB Mario Carbajal
|
0-0: Ball 1-0: Ball 2-0: Ball 3-0: Called Strike 3-1: Foul Ball, location: 2F 3-2: Foul Ball, location: 2F 3-2: Fly out, F8 (Flyball, 8RD, EV 96.2 MPH)
|
|
Batting: SHB J.T. Ready
|
0-0: Ball 1-0: Called Strike 1-1: Ground out 4-3 (Groundball, 4, EV 101.2 MPH)
|
|
Batting: RHB Edgar Klockow
|
0-0: Called Strike 0-1: Ball 1-1: Foul Ball, location: 2F 1-2: Strikes out swinging
|
| Top of the 7th over - 0 runs, 0 hits, 0 errors, 0 left on base; Johnson City 2 - Washington (APP) 2 |
| BOTTOM OF THE 7TH |
|
Washington (APP) Nationals batting - Pitching for Johnson City Cardinals : LHP Hylnur Albertsson
|
|
Batting: SHB Nolan Carew
|
0-0: Foul Ball, location: 2F 0-1: Swinging Strike 0-2: SOLO HOME RUN (Flyball, 7LD, EV 92.5 MPH), Distance : 348 ft
|
|
Batting: LHB Chris Williams
|
0-0: Called Strike 0-1: Ball 1-1: Foul Ball, location: 2F 1-2: Foul Ball, location: 2F 1-2: SINGLE (Flyball, 9LS, EV 91.9 MPH)
|
|
Batting: RHB Justin Van Houten
|
0-0: Fly out, F9 (Flyball, 9S, EV 91.2 MPH)
|
|
Batting: RHB Er Le
|
0-0: Called Strike 0-1: Called Strike Chris Williams is caught stealing 2nd base 2-4 0-2: Ball 1-2: Foul Ball, location: 2F 1-2: Fly out, F8 (Flyball, 78M, EV 91.2 MPH)
|
| Bottom of the 7th over - 1 run, 2 hits, 0 errors, 0 left on base; Johnson City 2 - Washington (APP) 3 |
| TOP OF THE 8TH |
|
Johnson City Cardinals batting - Pitching for Washington (APP) Nationals : LHP Willie Rivera
|
|
Pitching: RHP Johnny Hallamore
|
|
|
Batting: RHB Shou-feng Chang
|
0-0: Ball 1-0: Called Strike 1-1: SINGLE (Groundball, 15S, EV 71.2 MPH) (infield hit)
|
|
Batting: RHB Chris Rouleau
|
0-0: Bunt missed! 0-1: Sac Bunt to P - play at first, batter safe! Shou-feng Chang to second
|
|
Batting: RHB Johnny Lowe
|
0-0: Foul Ball, location: 2F 0-1: Fly out, F9 (Flyball, 9, EV 86.2 MPH)
|
|
Pitching: LHP Mike Rosas
|
|
|
Batting: LHB Ken Compton
|
0-0: Called Strike 0-1: Called Strike 0-2: SINGLE (Groundball, 34D, EV 105.0 MPH) Shou-feng Chang to third Chris Rouleau to second Runner from 3rd tries for Home, SAFE, throw by RF to home
|
|
Batting: RHB Nelson Salamanca
|
0-0: Foul Ball, location: 2F 0-1: Called Strike 0-2: Fly out, F8 (Flyball, 8LD, EV 101.9 MPH)
|
|
Batting: SHB Bobby Mercado
|
0-0: Called Strike 0-1: Foul Ball, location: 2F 0-2: Strikes out looking
|
| Top of the 8th over - 1 run, 3 hits, 0 errors, 2 left on base; Johnson City 3 - Washington (APP) 3 |
| BOTTOM OF THE 8TH |
|
Washington (APP) Nationals batting - Pitching for Johnson City Cardinals : LHP Hylnur Albertsson
|
|
Batting: RHB Justin Davenport
|
0-0: Ball 1-0: Ball 2-0: Ball 3-0: Base on Balls
|
|
Batting: RHB Xavier Reeves
|
0-0: Foul Ball, location: 2F 0-1: Foul Ball, location: 2F 0-2: Foul Ball, location: 2F 0-2: Fly out, F9 (Line Drive, 9S, EV 105.6 MPH)
|
|
Batting: RHB Aaron Bateman
|
0-0: Called Strike 0-1: Ball 1-1: Ball Justin Davenport steals 2nd base 2-1: SINGLE (Line Drive, 7S, EV 92.5 MPH) Justin Davenport to third Runner from 3rd tries for Home, throw by LF and OUT! 7-2
|
|
Batting: RHB Chad Madsen
|
0-0: Swinging Strike 0-1: Ball 1-1: Ball 2-1: Fly out, F7 (Flyball, 7LMF, EV 83.1 MPH)
|
| Bottom of the 8th over - 0 runs, 1 hit, 0 errors, 1 left on base; Johnson City 3 - Washington (APP) 3 |
| TOP OF THE 9TH |
|
Johnson City Cardinals batting - Pitching for Washington (APP) Nationals : LHP Mike Rosas
|
|
Batting: RHB Mario Carbajal
|
0-0: Foul Ball, location: 2F 0-1: Ball 1-1: Swinging Strike 1-2: Strikes out swinging
|
|
Batting: SHB J.T. Ready
|
0-0: Ball 1-0: Ball 2-0: Foul Ball, location: 2F 2-1: Foul Ball, location: 2F 2-2: Strikes out swinging
|
|
Batting: RHB Edgar Klockow
|
0-0: Ball 1-0: Ball 2-0: Called Strike 2-1: Ball 3-1: Ground out 6-3 (Groundball, 6, EV 90.6 MPH)
|
| Top of the 9th over - 0 runs, 0 hits, 0 errors, 0 left on base; Johnson City 3 - Washington (APP) 3 |
| BOTTOM OF THE 9TH |
|
Washington (APP) Nationals batting - Pitching for Johnson City Cardinals : LHP Hylnur Albertsson
|
|
Batting: RHB Jason Ewert
|
0-0: Called Strike 0-1: Ball 1-1: Ground out 5-3 (Groundball, 56, EV 87.5 MPH)
|
|
Batting: SHB Nolan Carew
|
0-0: Called Strike 0-1: Ball 1-1: Swinging Strike 1-2: DOUBLE (Line Drive, 7LM, EV 110.6 MPH)
|
|
Pitching: RHP Ricky Enriquez
|
|
|
Batting: LHB Chris Williams
|
0-0: Ball 1-0: Ball Nolan Carew is caught stealing 3rd base 2-5 2-0: Ball 3-0: Base on Balls
|
|
Pinch Hitting: SHB Curtis DeLille
|
0-0: Fly out, F9 (Flyball, 9D, EV 88.8 MPH)
|
| Bottom of the 9th over - 0 runs, 1 hit, 0 errors, 1 left on base; Johnson City 3 - Washington (APP) 3 |
| TOP OF THE 10TH |
|
Johnson City Cardinals batting - Pitching for Washington (APP) Nationals : LHP Mike Rosas
|
|
Pitching: RHP Oswaldo Vasquez
|
|
|
Now in CF: Steve Kunselman
|
|
|
Batting: RHB Shou-feng Chang
|
0-0: Called Strike 0-1: Swinging Strike 0-2: Strikes out swinging
|
|
Batting: RHB Chris Rouleau
|
0-0: Ball 1-0: Ball 2-0: Foul Ball, location: 2F 2-1: Ball 3-1: Called Strike 3-2: DOUBLE (Line Drive, 7LS, EV 100.6 MPH)
|
|
Batting: RHB Johnny Lowe
|
0-0: Called Strike 0-1: Swinging Strike 0-2: Ball 1-2: Hit by Pitch
|
|
Batting: LHB Ken Compton
|
0-0: Swinging Strike 0-1: Ball 1-1: Called Strike 1-2: Strikes out looking
|
|
Batting: RHB Nelson Salamanca
|
0-0: Foul Ball, location: 2F 0-1: Ball 1-1: Ball 2-1: Fly out, F8 (Flyball, 8RXD, EV 100.0 MPH)
|
| Top of the 10th over - 0 runs, 1 hit, 0 errors, 2 left on base; Johnson City 3 - Washington (APP) 3 |
| BOTTOM OF THE 10TH |
|
Washington (APP) Nationals batting - Pitching for Johnson City Cardinals : RHP Ricky Enriquez
|
|
Batting: RHB Er Le
|
0-0: Foul Ball, location: 2F 0-1: SINGLE (Line Drive, 56D, EV 97.5 MPH)
|
|
Batting: RHB Justin Davenport
|
0-0: Ball 1-0: Ball 2-0: Called Strike 2-1: Foul Ball, location: 2F 2-2: Ball 3-2: Fly out, F7 (Flyball, 7, EV 83.1 MPH)
|
|
Batting: RHB Xavier Reeves
|
0-0: Foul Ball, location: 2F 0-1: Foul Ball, location: 2F 0-2: Fly out, F9 (Line Drive, 89S, EV 90.0 MPH)
|
|
Pinch Hitting: LHB Mike Hamilton
|
0-0: Ball 1-0: Ball 2-0: Foul Ball, location: 2F 2-1: Ground out 4-3 (Groundball, 4, EV 108.1 MPH)
|
| Bottom of the 10th over - 0 runs, 1 hit, 0 errors, 1 left on base; Johnson City 3 - Washington (APP) 3 |
| TOP OF THE 11TH |
|
Johnson City Cardinals batting - Pitching for Washington (APP) Nationals : RHP Oswaldo Vasquez
|
|
Now at 2B: Kiyonaga Nakamura
|
|
|
Batting: SHB Bobby Mercado
|
0-0: Foul Ball, location: 2F 0-1: Ball 1-1: Swinging Strike 1-2: Strikes out swinging
|
|
Batting: RHB Mario Carbajal
|
0-0: Called Strike 0-1: Ball 1-1: Ball 2-1: Ball 3-1: Base on Balls
|
|
Batting: SHB J.T. Ready
|
0-0: Ball Wild Pitch! Mario Carbajal to second 1-0: Intentional Walk
|
|
Pinch Hitting: LHB Mike East
|
0-0: Ball 1-0: Reached on error, E4 (Groundball, 4, EV 85.0 MPH) Mario Carbajal to third J.T. Ready to second
|
|
Batting: RHB Shou-feng Chang
|
0-0: Called Strike 0-1: Foul Ball, location: 2F 0-2: Foul Ball, location: 2F 0-2: Ball 1-2: Strikes out swinging
|
|
Pitching: RHP Matt Norris
|
|
|
Batting: RHB Chris Rouleau
|
0-0: Called Strike 0-1: Foul Ball, location: 2F 0-2: DOUBLE (Flyball, 8LD, EV 92.5 MPH) Mario Carbajal scores J.T. Ready scores Mike East to third
|
|
Batting: RHB Johnny Lowe
|
0-0: Called Strike 0-1: Ball 1-1: Swinging Strike 1-2: Foul Ball, location: 2F 1-2: Ground out 5-3 (Groundball, 56S, EV 85.0 MPH)
|
| Top of the 11th over - 2 runs, 1 hit, 1 error, 2 left on base; Johnson City 5 - Washington (APP) 3 |
| BOTTOM OF THE 11TH |
|
Washington (APP) Nationals batting - Pitching for Johnson City Cardinals : RHP Ricky Enriquez
|
|
Now at 1B: J.T. Ready
|
|
|
Now in LF: Mike East
|
|
|
Now in CF: Ken Compton
|
|
|
Now in RF: Sal Guzman
|
|
|
Batting: RHB Chad Madsen
|
0-0: Called Strike 0-1: Called Strike 0-2: Ball 1-2: Ball 2-2: Foul Ball, location: 2F 2-2: Ground out 1-3 (Groundball, 15S, EV 66.9 MPH)
|
|
Pinch Hitting: RHB Vasag Semerjian
|
0-0: SINGLE (Groundball, 4D, EV 101.9 MPH)
|
|
Batting: RHB Jessie Fisher
|
0-0: Ball 1-0: Swinging Strike 1-1: Swinging Strike 1-2: Ball 2-2: Ball 3-2: Fly out, F8 (Line Drive, 8RM, EV 91.2 MPH)
|
|
Pitching: RHP Jeremy Bonita
|
|
|
Batting: LHB Chris Williams
|
0-0: Ball 1-0: Ball 2-0: Ball 3-0: Foul Ball, location: 2F 3-1: Base on Balls Vasag Semerjian to second
|
|
Batting: RHB Steve Kunselman
|
0-0: Ball 1-0: Ball 2-0: Foul Ball, location: 2F 2-1: Foul Ball, location: 2F 2-2: TRIPLE (Line Drive, 9D, EV 108.8 MPH) Vasag Semerjian scores Chris Williams scores
|
|
Batting: RHB Er Le
|
0-0: Called Strike 0-1: SINGLE (Groundball, 5D, EV 95.0 MPH) Steve Kunselman scores
|
| Bottom of the 11th over - 3 runs, 3 hits, 0 errors, 1 left on base; Johnson City 5 - Washington (APP) 6 |
|